 Dungeon Crawl Stone Soup version 0.20.1-1-g8b1a95d (webtiles) character file.

160 Linguinho the Sneak (level 5, -7/38 HPs)
             Began as a Demonspawn Assassin on Oct 29, 2017.
             Was an Initiate of Ashenzari.
             Killed from afar by an orc wizard (11 damage)
             ... with a puff of flame
             ... on level 3 of the Dungeon.
             The game lasted 00:08:49 (3121 turns).

Linguinho the Sneak (Demonspawn Assassin)           Turns: 3121, Time: 00:08:50

Health: -7/38      AC:  5    Str: 11    XL:     5   Next: 17%
Magic:  5/5        EV: 11    Int: 13    God:    Ashenzari [......]
Gold:   131        SH:  0    Dex: 15    Spells: 4/4 levels left

rFire    . . .     SeeInvis .   b - +0 blowgun
rCold    . . .     Gourm    .   q - +0 buckler (curse)
rNeg     . . .     Faith    .   c - +0 robe
rPois    .         Spirit   .   (helmet restricted)
rElec    .         Reflect  .   d - +0 cloak
rCorr    .         Harm     .   (no gloves)
MR       .....                  (no boots)
Stlth    +.........             (no amulet)
Regen    0.2/turn               (no ring)
MPRegen  0.1/turn               (no ring)

@: confused
A: antennae 1, molten scales 1
a: Curse Item, Renounce Religion


You were on level 3 of the Dungeon.
You worshipped Ashenzari.
Ashenzari was noncommittal.
You were not hungry.

You visited 1 branch of the dungeon, and saw 3 of its levels.

You collected 131 gold pieces.

Inventory:

Hand Weapons
 a - a +2 dagger
 b - a +0 blowgun (weapon)
 l - a +0 short sword
 n - a +0 short sword
 p - a +0 dagger
Missiles
 e - 16 poisoned needles (quivered)
 f - 2 curare-tipped needles
 m - 5 needles of frenzy
Armour
 c - a +0 robe (worn)
 d - a +0 cloak (worn)
 q - a cursed +0 buckler (worn)
 A - a +0 leather armour
Jewellery
 h - an uncursed ring of protection from fire
Wands
 s - a wand of acid (12/15)
Scrolls
 o - a scroll of noise
 u - a scroll of magic mapping
 w - a scroll of remove curse
 x - a scroll of random uselessness
 y - a scroll of teleportation
 z - a scroll of immolation
 B - a scroll of identify
Potions
 i - a potion of resistance
 j - 2 potions of curing
 v - a potion of mutation
Books
 t - a book of Minor Magic

   Spells                             Type                      Level
   a - Magic Dart                     Conjuration                  1
   b - Blink                          Translocation                2
   c - Call Imp                       Summoning                    2
   d - Slow                           Hexes                        2
   e - Conjure Flame                  Conjuration/Fire             3
   f - Mephitic Cloud                 Conjuration/Poison/Air       3
Comestibles
 g - 2 bread rations
 k - 2 royal jellies
 r - 4 meat rations


   Skills:
 - Level 2.0 Fighting
 + Level 3.5 Short Blades
 - Level 1.7 Throwing
 - Level 0.8 Dodging
 + Level 5.2 Stealth


You had 4 spell levels left.
You didn't know any spells.

Dungeon Overview and Level Annotations

Branches:
Dungeon (3/15)

Altars:
Ashenzari
Cheibriados
Makhleb
Sif Muna
Yredelemnul
Zin


Innate Abilities, Weirdness & Mutations

You have a pair of small antennae on your head.
You are partially covered in molten scales. (AC +2)


Message History

Press: ? - help, Shift-Dir - straight line, f/p - orc wizard
Aim: an orc wizard, wielding a dagger of venom and wearing a robe You shoot a poisoned needle.
The orc wizard points at you and mumbles some strange words.
The magic dart hits you!
Firing (i - inventory. (,) - cycle):
e - 18 poisoned needles (quivered)
Press: ? - help, Shift-Dir - straight line, f/p - orc wizard
Aim: an orc wizard, wielding a dagger of venom and wearing a robe You shoot a poisoned needle.
Firing (i - inventory. (,) - cycle):
e - 17 poisoned needles (quivered)
Press: ? - help, Shift-Dir - straight line, f/p - orc wizard
Aim: an orc wizard, wielding a dagger of venom and wearing a robe You shoot a poisoned needle.
The orc wizard gestures at you while chanting.
The magic dart hits you!
* * * LOW HITPOINT WARNING * * *
The leopard gecko hisses menacingly.
The orc wizard casts a spell at you. The puff of flame hits you!
You die...

# #.# #....≈≈≈....# #.#
#######.###...≈≈≈≈≈...## #.#
#.......##...≈≈...≈≈...# ###.#
#.#####.##...≈≈.>.≈≈...# #.).#
..# #.##...≈≈.ol≈≈..(####.#####
..# #..##...≈≈§≈≈..(##....####.
..# #.###....≈§≈....#..#.......
..#####.# #.........###...#.###.
........# ##.((@...###...###....
..##.#.## ###...### #.##.#.####
.......# #._.#.# #.###...#
..##.#.# ####...#.###.##.._.#
.###.#.#####..#####...........###
.# #.#..........#....##.####..÷.)
.###.#####........#.......##.####
.##..# #.........#...#.#.##.#
.##.## #....................#


You could see a leopard gecko.

Vanquished Creatures
  6 adders
  A worm (D:3)
  2 dart slugs (D:3)
  A leopard gecko (D:1)
  8 orcs (D:3)
  7 bats
  2 giant cockroaches
  8 goblins
  10 hobgoblins
  5 jackals (D:2)
  13 kobolds
  A quokka (D:3)
  A ball python (D:1)
  5 frilled lizards
  22 rats
92 creatures vanquished.

Notes
Turn   | Place    | Note
-------+----------+-------------------------------------------
     0 | D:1      | Linguinho the Demonspawn Assassin began the quest for the Orb.
     0 | D:1      | Reached XP level 1. HP: 16/16 MP: 1/1
   149 | D:1      | Reached skill level 4 in Stealth
   177 | D:1      | Gained mutation: You have a pair of small antennae on your head. [demonic ancestry]
   177 | D:1      | Reached XP level 2. HP: 20/22 MP: 2/2
   647 | D:1      | Reached XP level 3. HP: 25/27 MP: 3/3
   766 | D:2      | Found a glowing silver altar of Zin.
   829 | D:2      | Found a shattered altar of Ashenzari.
   843 | D:2      | Became a worshipper of Ashenzari the Shackled
   850 | D:2      | Found a snail-covered altar of Cheibriados.
   954 | D:2      | HP: 1/27 [bat (1)]
  1388 | D:2      | Found a basalt altar of Yredelemnul.
  1508 | D:3      | Gained mutation: You are partially covered in molten scales. (AC +2) [demonic ancestry]
  1508 | D:3      | Reached XP level 4. HP: 14/33 MP: 4/4
  2171 | D:3      | Found a burning altar of Makhleb.
  2241 | D:3      | Reached skill level 5 in Stealth
  2863 | D:3      | Reached XP level 5. HP: 37/38 MP: 5/5
  3100 | D:3      | Found a deep blue altar of Sif Muna.
  3121 | D:3      | Killed from afar by an orc wizard

Skill      XL: |  1  2  3  4 |
---------------+-------------+-----
Stealth        | 4 5 |  5.2
Short Blades   | 2 3 |  3.5
Fighting       | |  2.0
Throwing       | |  1.7
Dodging        | |  0.8

Action                   |  1- 3 |  4- 6 || total
-------------------------+-------+-------++-------
Melee: Dagger            |   144 |   122 ||   266
       Short sword       |       |    76 ||    76
 Fire: Blowgun           |       |     5 ||     5
Invok: Curse Item        |       |     1 ||     1
  Use: Scroll            |       |     9 ||     9
 Stab: Sleeping          |    10 |     7 ||    17
  Eat: Chunk             |     1 |     6 ||     7
Armor: Robe              |    42 |    49 ||    91
Dodge: Dodged            |    88 |    96 ||   184
Block: Buckler           |       |    24 ||    24
